 Seeded DCSS version 0.29.1-1-gd02db6906a (webtiles) character file.

Game seed: 8800239265270809476 (custom seed)

2335 GigaChad the Carver (level 9, -6/72 (78) HPs)
             Began as a Minotaur Gladiator on Sept 27, 2022.
             Was a Follower of Ru.
             Mangled by a wight
             ... wielding a +4 short sword of freezing
              (9 damage)
             ... on level 7 of the Dungeon.
             The game lasted 00:09:25 (5805 turns).

GigaChad the Carver (Minotaur Gladiator)            Turns: 5805, Time: 00:09:25

HP:   -6/72 (78)    AC: 13    Str: 21    XL:     9   Next: 19%
MP:   8/8           EV: 10    Int:  5    God:    Ru [*.....]
Gold: 265           SH:  0    Dex: 12    Spells: 8/8 levels left

rFire   + . .      SeeInvis .   D - +5 long sword
rCold   . . .      Faith    .   (no shield)
rNeg    . . .      Spirit   .   w - +0 chain mail
rPois   .          Reflect  .   c - +0 hat
rElec   .          Harm     .   g - +0 cloak "Jatajeut" {rF+}
rCorr   .          Rampage  .   (no gloves)
Will    .....                   m - +0 pair of boots
Stlth   ..........              (no amulet)
HPRegen 0.22/turn               (no ring)
MPRegen 0.11/turn               (no ring)

@: drained
A: horns 2, weak 1, no stealth, retaliatory headbutt
a: Renounce Religion


You were on level 7 of the Dungeon.
You worshipped Ru.
Ru was aware of your devotion.
You visited 1 branch of the dungeon, and saw 7 of its levels.

You collected 265 gold pieces.

Inventory:

Hand Weapons
 a - a +0 long sword
 C - a +4 long sword
 D - a +5 long sword (weapon)
Missiles
 d - 4 throwing nets
 e - a javelin
Armour
 b - a +0 leather armour
 c - a +0 hat (worn)
 g - the +0 cloak "Jatajeut" (worn) {rF+}
   (You acquired it on level 1 of the Dungeon)

   rF:        It protects you from fire.
 m - a +0 pair of boots (worn)
 w - a +0 chain mail (worn)
Wands
 x - a wand of flame (30) (quivered)
Scrolls
 f - 2 scrolls of teleportation {unknown}
 h - 2 scrolls of noise {unknown}
 i - 2 scrolls of blinking {unknown}
 j - a scroll of enchant weapon {unknown}
 o - a scroll of silence
 p - 2 scrolls of magic mapping {unknown}
 q - 3 scrolls of butterflies {unknown}
 s - 4 scrolls of identify
 u - a scroll of vulnerability {unknown}
 v - a scroll of enchant armour {unknown}
 y - a scroll of immolation {unknown}
 E - a scroll of poison {unknown}
Potions
 k - a potion of invisibility {unknown}
 l - a potion of mutation {unknown}
 n - a potion of heal wounds {unknown}
 r - 6 potions of curing {unknown}
 t - a potion of berserk rage {unknown}
 z - a potion of haste {unknown}
 A - a potion of might {unknown}
 B - a potion of lignification {unknown}


   Skills:
 + Level 6.4 Fighting
 + Level 9.8 Long Blades
 + Level 2.1 Throwing
 + Level 8.0 Armour
 + Level 5.4 Dodging
 + Level 1.7 Evocations


You had 8 spell levels left.
You didn't know any spells.
Your spell library contained the following spells:

 Spells                   Type           Power      Damage    Failure   Level
 Freeze                   Ice            0%         1d3       98%         1
 Sublimation of Blood     Necr           0%         N/A       99%         2
 Frozen Ramparts          Ice            0%         1d1       100%        3
 Inner Flame              Hex/Fire       0%         N/A       100%        3
 Anguish                  Hex/Necr       0%         N/A       100%        4
 Cause Fear               Hex            0%         N/A       100%        4
 Hailstorm                Conj/Ice       0%         3d3       100%        4
 Petrify                  Tmut/Erth      0%         N/A       100%        4
 Irradiate                Conj/Tmut      0%         3d11      100%        5
 Enfeeble                 Hex            0%         N/A       100%        7
 Discord                  Hex            0%         N/A       100%        8


Dungeon Overview and Level Annotations

Branches:
Dungeon (7/15)             Temple (0/1) D:4

Altars:
Dithmenos
Qazlal
Ru
Trog
The Shining One


Innate Abilities, Weirdness & Mutations

You have a pair of horns on your head.
You are weak. (Str -2)
You cannot be stealthy.
You reflexively headbutt those who attack you in melee.


Message History

The wight hits you with a +0 morningstar!
You feel drained. The wight hits you with a +2 scimitar!
* * * LOW HITPOINT WARNING * * *
You hit the wight but do no damage.
The wight is heavily damaged.
The wight hits you but does no damage. The wight closely misses you.
The wight hits you with a +2 scimitar.
* * * LOW HITPOINT WARNING * * *
You feel drained.
* * * LOW HITPOINT WARNING * * *
You closely miss the wight. Your headbutt misses the wight.
The wight is heavily damaged.
The wight hits you but does no damage.
The wight hits you with a +0 morningstar.
* * * LOW HITPOINT WARNING * * *
The wight hits you but does no damage.
You hit the wight.
The wight is severely damaged.
The wight hits you with a +4 short sword of freezing.
* * * LOW HITPOINT WARNING * * *
You feel drained. The wight freezes you.
* * * LOW HITPOINT WARNING * * *
The wight barely misses you.
The wight is stunned by your conviction and fails to attack.
You completely miss the wight.
The wight is almost destroyed.
The wight hits you with a +4 short sword of freezing.
* * * LOW HITPOINT WARNING * * *
You feel drained.
* * * LOW HITPOINT WARNING * * *
The wight freezes you.
* * * LOW HITPOINT WARNING * * *
The wight closely misses you. You furiously retaliate!
You headbutt the wight.
You destroy the wight!
The wight closely misses you.
Unknown command.
Unknown command.
Unknown command.
The wight hits you with a +4 short sword of freezing!
You die...

### .(# #### # ..#
########... .# ..#
#......#.#####.#
..###........#...#.#####
...##.....#.##<#........
....'..†..._....@>.#
...##.....#.##.#.z.#
...###.......#.#)z.#
...# #.......#.....#
...# #.......###...#
##.# #.......# #...# #.#
#.......# #...# #.#
#######+# ##... ..##


You could see 2 wights.

Vanquished Creatures
  Pikel (D:6)
  Prince Ribbit (D:6)
  A wyvern (D:7)
  An orc warrior (D:7)
  A sky beast (D:6)
  A centaur (D:5)
  2 phantoms
  A lemure (D:6)
  2 necrophages
  A scorpion (D:5)
  2 bullfrogs (D:6)
  5 wights
  A crimson imp (D:4)
  3 hounds (D:5)
  2 orc priests
  A jelly (D:5)
  3 iguanas
  7 orc wizards (D:6)
  An adder (D:3)
  A white imp (D:6)
  An ufetubus (D:5)
  3 worms
  7 dart slugs
  11 orcs
  5 ball pythons
  6 endoplasms
  3 giant cockroaches
  6 goblins
  7 hobgoblins
  3 jackals
  3 kobolds
  6 quokkas
  3 bats
  7 frilled lizards
  A goblin skeleton (D:4)
  5 hobgoblin zombies (D:4)
  A kobold skeleton (D:4)
  2 kobold zombies (D:4)
  An orc skeleton (D:4)
  An orc zombie (D:4)
  4 rats
124 creatures vanquished.

Notes
Turn   | Place    | Note
-------+----------+-------------------------------------------
     0 | D:1      | GigaChad the Minotaur Gladiator began the quest for the
                  | Orb.
     0 | D:1      | Reached XP level 1. HP: 18/18 MP: 0/0
    42 | D:1      | Identified a scroll of acquirement
    42 | D:1      | Acquired the +0 cloak "Jatajeut" {rF+}
   279 | D:1      | Reached skill level 4 in Long Blades
   292 | D:1      | Reached XP level 2. HP: 25/25 MP: 1/1
   757 | D:2      | Reached XP level 3. HP: 26/30 MP: 2/2
   867 | D:2      | Reached skill level 1 in Armour
  1554 | D:3      | Reached XP level 4. HP: 25/38 MP: 3/3
  2078 | D:3      | Found a faded altar of an unknown god.
  2081 | D:3      | Prayed at the altar of an unknown god.
  2081 | D:3      | Became a worshipper of Ru the Awakened
  2104 | D:3      | Gained mutation: You cannot be stealthy. [Ru sacrifice]
  2381 | D:4      | Found a glowing golden altar of the Shining One.
  2402 | D:4      | Reached skill level 5 in Long Blades
  2402 | D:4      | Reached XP level 5. HP: 45/45 MP: 4/4
  2507 | D:4      | Found a staircase to the Ecumenical Temple.
  2817 | D:5      | Entered Level 5 of the Dungeon
  3308 | D:5      | Reached skill level 6 in Long Blades
  3308 | D:5      | Reached XP level 6. HP: 47/52 MP: 5/5
  3451 | D:5      | Found a bloodstained altar of Trog.
  3779 | D:5      | Reached XP level 7. HP: 37/59 MP: 6/6
  3788 | D:5      | Reached skill level 7 in Long Blades
  3788 | D:5      | Reached skill level 5 in Dodging
  4254 | D:6      | Noticed Prince Ribbit
  4282 | D:6      | Killed Prince Ribbit
  4283 | D:6      | Reached skill level 1 in Evocations
  4384 | D:6      | Reached skill level 5 in Armour
  4431 | D:6      | Reached XP level 8. HP: 9/67 MP: 7/7
  4435 | D:6      | Reached skill level 8 in Long Blades
  4987 | D:6      | Reached skill level 5 in Fighting
  5187 | D:6      | Found a stormy altar of Qazlal.
  5476 | D:6      | Noticed Pikel
  5486 | D:6      | Killed Pikel
  5487 | D:6      | Reached skill level 9 in Long Blades
  5487 | D:6      | Reached XP level 9. HP: 58/75 MP: 8/8
  5775 | D:7      | Gained mutation: You are weak. (Str -2) [Ru sacrifice]
  5775 | D:7      | Reached * piety under Ru
  5780 | D:7      | Found a shadowy altar of Dithmenos.
  5804 | D:7      | HP: 3/70 [wight/+4 short sword of freezing (3)]
  5805 | D:7      | Mangled by a wight

Illustrated notes

Levels and vault maps discovered:
D:1:      minmay_arrival_widening_spiral_wide, layout_rooms,
          serial_bayou_pond_b, minmay_crystal_room, st_stairs_3
D:2:      layout_basic, hex_tiny, minmay_tetromino_o2
D:3:      layout_rooms, hellmonk_ecumenical_altar_inner_sanctum, st_stairs_8,
          grunt_ministairs_6
D:4:      layout_cave_pods, nicolae_tso_besieged_by_evil,
          minmay_temple_entry_arrows
D:5:      layout_rooms, kennysheep_little_box
D:6:      layout_basic, general_overflow_altar, chequers_ossuary_entry_cave,
          minmay_a_box_with_orc_wizards_in_it, uniq_pikel, uniq_prince_ribbit1
D:7:      layout_basic, lemuel_crystal_altar

Skill      XL: |  1  2  3  4  5  6  7  8  9 |
---------------+----------------------------+-----
Long Blades    | 4 5 6 7 9 |  9.8
Fighting       | 3 4 6 |  6.4
Armour         | 1 2 3 5 7 8 |  8.0
Dodging        | 4 5 |  5.4
Evocations     | 1 |  1.7
Throwing       | |  2.1

Action                   |  1- 3 |  4- 6 |  7- 9 || total
-------------------------+-------+-------+-------++-------
Melee: Long sword        |    95 |   107 |   143 ||   345
       Headbutt          |    11 |    24 |    24 ||    59
       Punch             |       |     1 |     1 ||     2
Throw: Throwing net      |       |     1 |       ||     1
Invok: Sacrifice Stealth |       |     1 |       ||     1
       Sacrifice Purity  |       |       |     1 ||     1
Evoke: Wand              |       |     7 |     8 ||    15
  Use: Scroll            |     1 |     1 |       ||     2
Armor: Leather armour    |    51 |    22 |       ||    73
       Chain mail        |       |    34 |   114 ||   148
Dodge: Dodged            |    73 |    93 |    57 ||   223
